Cogmind - Beta 17.1 @@@ ROGUE MODE // 2026.08.27 @ 20:16:34 Player: Niamak Result: Self-destructed Performance ------------- Evolutions (7) 3500 Regions Visited (15) 3000 Robots Destroyed (48) 240 Value Destroyed (1609) 1609 Prototype IDs (30) 600 Alien Tech Used (0) 0 Bonus (1573) 1573 TOTAL SCORE: 10522 Bonus ------- Follower Combat Kills 273 Entered DSFs 1000 Aligned with FarCom 300 Cogmind --------- Core Integrity 1058/1300 Matter 300/300 Energy 2/100 System Corruption 0% Temperature Cool (0) Movement Flying (109) Ox1 Location -3/Research Parts ------- > --- POWER (3) -------- (None) > --- PROPULSION (5) --- Cooled Nuclear Pulse Thruster Field Propulsion Array > --- UTILITY (11) ----- Medium Storage Unit Advanced Weight Redist. System Enhanced Optical Array Advanced Signal Interpreter Improved Melee Analysis Suite Advanced Melee Analysis Suite Advanced Melee Analysis Suite Improved Transmission Jammer Advanced System Restoration Module > --- WEAPON (2) ------- Enhanced Force Lance > --- INVENTORY (10) --- Micro Antimatter Reactor Compact Particle Reactor Advanced Weight Redist. System Seismic Detector Precision Energy Filter Advanced ECM Suite Point Defense System Advanced Point Defense System Ripper Peak State ------------ > --- POWER ------------ Micro Antimatter Reactor Micro Antimatter Reactor > --- PROPULSION ------- Nuclear Pulse Thruster Cooled Nuclear Pulse Thruster Field Propulsion Array Electron Diverter > --- UTILITY ---------- Medium Storage Unit Advanced Weight Redist. System Enhanced Optical Array Advanced Signal Interpreter Improved Melee Analysis Suite Advanced Melee Analysis Suite Advanced Melee Analysis Suite Improved Transmission Jammer Advanced Point Defense System Advanced System Restoration Module > --- WEAPON ----------- Enhanced Force Lance > --- INVENTORY -------- Micro Antimatter Reactor Compact Particle Reactor Advanced Weight Redist. System Seismic Detector Precision Energy Filter Advanced ECM Suite Point Defense System Ripper [Rating: 111] Favorites ----------- Power Light Ion Engine Engine Light Ion Engine Power Core Micro Nuclear Core Reactor Micro Antimatter Reactor Propulsion Flight Unit Treads Light Treads Flight Unit Flight Unit Utility Improved Melee Analysis Suite Device Advanced Weight Redist. System Storage Medium Storage Unit Processor Improved Melee Analysis Suite Protection Improved Utility Shielding Weapon Ripper Energy Gun EM Pulse Gun Energy Cannon Beam Cannon Ballistic Gun Assault Rifle Ballistic Cannon Light Cannon Launcher Mini Grenade Launcher Special Weapon Field Lobotomy Kit Slashing Weapon Ripper Piercing Weapon Enhanced Force Lance Special Melee Weapon Datajack Build | -11 -10 -10 -10 -9 -8 -8 -7 -7 -6 -6 -6 -5 -4 -4 -3 ------- Run | Yrd Mat Min Exi Min Mat Sto Fac DSF Fac Low Low Fac Fac DSF Res Slots Evolved 14 | . . . . . 4 . 2 . 2 . . 2 2 . 2 Power 2 | . . . . . . . 1 . . . . . 1 . . Propulsion 3 | . . . . . 2 . . . . . . . 1 . . Utility 9 | . . . . . 2 . 1 . 2 . . 2 . . 2 Weapon . | . . . . . . . . . . . . . . . . Parts Attached 74 | 6 10 1 . . 3 4 1 5 13 5 2 8 2 1 13 Power 14 | . 2 . . . . 1 . . 1 2 1 2 . . 5 Engine 3 | . 2 . . . . 1 . . . . . . . . . Core 6 | . . . . . . . . . 1 2 1 2 . . . Reactor 5 | . . . . . . . . . . . . . . . 5 Propulsion 14 | 2 2 . . . 2 . . 3 . 2 . 1 . . 2 Treads 2 | 2 . . . . . . . . . . . . . . . Leg . | . . . . . . . . . . . . . . . . Wheel . | . . . . . . . . . . . . . . . . Hover . | . . . . . . . . . . . . . . . . Flight 12 | . 2 . . . 2 . . 3 . 2 . 1 . . 2 Utility 36 | 2 3 . . . . 1 1 2 12 1 1 5 2 1 5 Device 12 | 1 1 . . . . . . 1 3 1 . 2 1 . 2 Storage 3 | 1 1 . . . . . . . . . . . 1 . . Processor 14 | . . . . . . . 1 . 7 . 1 1 . 1 3 Hackware . | . . . . . . . . . . . . . . . . Protection 7 | . 1 . . . . 1 . 1 2 . . 2 . . . Artifact . | . . . . . . . . . . . . . . . . Weapon 10 | 2 3 1 . . 1 2 . . . . . . . . 1 Energy Gun 1 | 1 . . . . . . . . . . . . . . . Energy Cannon 2 | . 2 . . . . . . . . . . . . . . Ballistic Gun 1 | 1 . . . . . . . . . . . . . . . Ballistic Cannon 1 | . 1 . . . . . . . . . . . . . . Launcher 1 | . . . . . . 1 . . . . . . . . . Special Weapon 1 | . . . . . 1 . . . . . . . . . . Impact Weapon . | . . . . . . . . . . . . . . . . Slashing Weapon 1 | . . . . . . 1 . . . . . . . . . Piercing Weapon 1 | . . . . . . . . . . . . . . . 1 Special Melee Weapon 1 | . . 1 . . . . . . . . . . . . . Unidentified Prototypes 4 | . . . . . . . . . . 2 . . . . 2 Parts Lost 25 | . 4 . . . . 1 . 7 . 3 . 2 . . 8 Power 6 | . 1 . . . . . . 1 . . . 2 . . 2 Propulsion 9 | . 2 . . . . 1 . 2 . 1 . . . . 3 Utility 8 | . . . . . . . . 4 . 1 . . . . 3 Weapon 2 | . 1 . . . . . . . . 1 . . . . . Highest Loss Streak 7 | . 4 . . . . 1 . 7 . 3 . 2 . . 3 To Critical Strikes . | . . . . . . . . . . . . . . . . Average Backups 5 | 3 7 4 5 5 4 4 2 4 4 3 3 4 5 7 9 Power 1 | 1 3 2 1 1 1 . 1 2 1 . 1 . . 1 1 Propulsion . | . . 2 2 2 . . . . . . . . 1 1 . Utility 2 | . 1 . . . 1 2 1 1 2 3 2 4 4 5 6 Weapon . | 1 2 . 1 1 1 . . . . . . . . . . Tool/Special . | . . . . . . . . . . . . . . . . Unused Backups 20 | . 7 1 1 . . . . 1 . . . 3 . . 7 Power 8 | . 3 1 1 . . . . 1 . . . . . . 2 Propulsion . | . . . . . . . . . . . . . . . . Utility 10 | . 3 . . . . . . . . . . 2 . . 5 Weapon 2 | . 1 . . . . . . . . . . 1 . . . Tool/Special . | . . . . . . . . . . . . . . . . Average Slot Usage (%) 81 | . 91 85 85 85 71 82 73 64 69 83 84 73 72 76 81 Engine 5 | . 9 14 14 14 9 8 7 7 6 . . . . . . Core 3 | . . . . . . . . . 2 8 13 11 10 10 2 Reactor 1 | . . . . . . . . . . . . . . . 7 Treads 5 | . 25 . . . . . . . . . . . . . . Flight 17 | . 1 28 28 28 35 35 23 24 18 16 20 17 15 15 18 Device 10 | . 13 14 14 14 9 9 7 3 2 13 14 11 10 10 12 Storage 3 | . 13 . . . . . . . . . . . 4 5 4 Processor 9 | . . . . . . . 4 4 18 13 16 13 15 19 23 Protection 9 | . . 14 14 14 9 16 15 8 7 18 13 12 10 10 6 Energy Cannon 2 | . 12 . . . . . . . . . . . . . . Ballistic Cannon 1 | . 8 . . . . . . . . . . . . . . Launcher 1 | . . . . . . 4 7 7 5 4 . . . . . Slashing Weapon 3 | . . . . . . 4 7 7 6 6 6 5 5 5 3 Special Melee Weapon 1 | . . 14 14 14 2 . . . . . . . . . . Peak Build Rating 111 | 8 10 6 7 7 19 21 17 23 36 47 50 65 66 71 111 Average Rating 36 | 4 8 6 6 7 17 16 15 17 23 36 44 53 65 69 97 On Entrance 26 | . 8 5 6 7 7 18 13 17 18 36 41 50 64 66 71 Avg Prop Armor Cover (%) 10 | . . . . . . . . . . . . 10 . . . Naked Turns 1 | . 1 . . . . . . . . . . . . . . Heaviest Build 42 | 10 22 8 8 8 15 16 12 16 18 22 23 24 29 29 42 Greatest Support 44 | 40 40 8 8 8 16 16 12 15 19 28 24 36 36 36 44 Greatest Overweight (x) 1 | 1 . . . . . . . 1 . . . . . . 1 Average Overweight (x) . | . . . . . . . . . . . . . . . . Largest Inventory Capacity 10 | 8 10 5 5 5 5 5 5 5 5 5 5 5 10 10 10 Average Capacity 6 | 7 8 5 5 5 5 5 5 5 5 5 5 5 9 10 10 Most Carried 10 | 7 10 5 5 5 5 5 5 5 5 5 5 5 7 8 10 Average Carried 5 | 3 7 4 4 5 4 3 2 4 4 3 3 4 5 7 9 Final Capacity 10 | 8 5 5 5 5 5 5 5 5 5 5 5 5 10 10 10 Final Carried 9 | 4 5 5 5 5 5 3 5 3 5 4 4 5 7 8 9 Class Distribution -------------------- 44% | Mutant 38% | Sprinter 8% | Scavenger-Scout 7% | Scout Dominant Class ---------------- Mutant | -10/Materials Mutant | -10/Mines Mutant | -10/Exiles Scout | -9/Mines Scavenger-Scout | -8/Materials Scavenger-Scout | -8/Storage Scout | -7/Factory Scout | -7/DSF Sprinter | -6/Factory Mutant | -6/Lower Caves Sprinter | -6/Lower Caves Sprinter | -5/Factory Mutant | -4/Factory Mutant | -4/DSF Sprinter | -3/Research Resources | -11 -10 -10 -10 -9 -8 -8 -7 -7 -6 -6 -6 -5 -4 -4 -3 ----------- Run | Yrd Mat Min Exi Min Mat Sto Fac DSF Fac Low Low Fac Fac DSF Res Matter Collected 1453 | 251 456 20 . . . 90 . 8 55 252 30 50 . 1 240 Remotely . | . . . . . . . . . . . . . . . . Salvage Created 1748 | 59 733 . . . . 178 . 39 . 146 . 65 . . 528 Parts 110 | 6 46 . . . . 11 . 8 . 9 . 2 . . 28 Haulers Intercepted . | . . . . . . . . . . . . . . . . Recyclers Shooed . | . . . . . . . . . . . . . . . . Parts Field Recycled . | . . . . . . . . . . . . . . . . Retrieved Matter . | . . . . . . . . . . . . . . . . Parts Self-Destructed 16 | . . . . . . . . . . 16 . . . . . Prevented . | . . . . . . . . . . . . . . . . Parts Restored . | . . . . . . . . . . . . . . . . Kills | -11 -10 -10 -10 -9 -8 -8 -7 -7 -6 -6 -6 -5 -4 -4 -3 ------- Run | Yrd Mat Min Exi Min Mat Sto Fac DSF Fac Low Low Fac Fac DSF Res Combat Hostiles Destroyed 35 | . 20 . . . . 3 . 3 . 3 . . . . 6 Melee 12 | . . . . . . 3 . . . 3 . . . . 6 Guns 4 | . 4 . . . . . . . . . . . . . . Cannons 16 | . 16 . . . . . . . . . . . . . . AOE 3 | . . . . . . . . 3 . . . . . . . Classes Destroyed 13 | 1 5 . . . . 3 . 1 . 2 . . . . 1 Worker 1 | . . . . . . . . . . . . . . . 1 Tunneler 2 | 2 . . . . . . . . . . . . . . . Recycler 1 | . 1 . . . . . . . . . . . . . . Mechanic 1 | . . . . . . 1 . . . . . . . . . Operator 1 | . 1 . . . . . . . . . . . . . . Watcher 7 | . 2 . . . . . . . . . . 2 . . 3 Swarmer 8 | . 6 . . . . . . . . . . . . . 2 Cutter 3 | . . . . . . . . 3 . . . . . . . Grunt 16 | . 14 . . . . 1 . . . 1 . . . . . Brawler 1 | . . . . . . 1 . . . . . . . . . Sentry 2 | . . . . . . 1 . . . . . . . . 1 Hunter 1 | . . . . . . . . . . 1 . . . . . Programmer 4 | . . . . . . . . . . 1 . . . . 3 Best Kill Streak 7 | 1 7 . . . . 3 . 3 . 1 . 1 . . 3 Combat Bots Only 7 | . 7 . . . . 1 . 3 . 1 . . . . 2 Max Kills in Single Turn 3 | 1 2 . . . . 1 . 3 . 1 . 1 . . 1 Gunslinging . | . . . . . . . . . . . . . . . . Exploded 3 | . . . . . . . . 3 . . . . . . . Melee 1 | . . . . . . 1 . . . 1 . . . . 1 Uniques/NPCs Destroyed . | . . . . . . . . . . . . . . . . Combat | -11 -10 -10 -10 -9 -8 -8 -7 -7 -6 -6 -6 -5 -4 -4 -3 -------- Run | Yrd Mat Min Exi Min Mat Sto Fac DSF Fac Low Low Fac Fac DSF Res Hostile Shots Fired 333 | . 103 7 . . . 18 . 44 7 56 . 21 . 1 76 Missed 128 | . 21 2 . . . 7 . 24 4 27 . 10 . . 33 Hits 205 | . 82 5 . . . 11 . 20 3 29 . 11 . 1 43 Melee 5 | . . . . . . . . . . 5 . . . . . Projectile 200 | . 82 5 . . . 11 . 20 3 24 . 11 . 1 43 AOE 2 | . . . . . . . . . . . . 2 . . . Critical Strikes 10 | . 1 . . . . . . . . 3 . 2 . 1 3 Actively Blocked 3 | . . . . . . . . . . 1 . 1 . 1 . Part Disruptions 2 | . . . . . . . . . . . . . . . 2 Actively Blocked 1 | . . . . . . . . . . . . . . . 1 Damage Taken 3372 | . 795 62 . . . 134 . 344 59 539 . 341 . 70 1028 Core 806 | . 122 10 . . . 29 . 81 20 124 . 178 . . 242 Absorbed by Shields . | . . . . . . . . . . . . . . . . Redirected to Shielding 262 | . . . . . . 12 . 1 . 53 . 26 . 46 124 Ignored by Resistances 7 | . . . . . . . . . . . . . . . 7 Regen/Repaired (Parts) 119 | . . . . . . 25 . . 94 . . . . . . Core Remaining (%) 84 | 100 . . . 47 . 94 . 88 . . 83 82 . 100 . Volleys Fired 77 | 3 63 . . . 1 5 . 1 . 4 . . . . . Largest 2 | 2 2 . . . 1 1 . 1 . 1 . . . . . Hottest 90 | 60 90 . . . . 30 . 30 . 30 . . . . . Shots Fired 142 | 6 125 . . . 1 5 . 1 . 4 . . . . . Gun 29 | 6 23 . . . . . . . . . . . . . . Cannon 102 | . 102 . . . . . . . . . . . . . . Launcher 6 | . . . . . . 1 . 1 . 4 . . . . . Special 5 | . . . . . 1 4 . . . . . . . . . Kinetic 65 | 3 62 . . . . . . . . . . . . . . Thermal 63 | . 63 . . . . . . . . . . . . . . Explosive 6 | . . . . . . 1 . 1 . 4 . . . . . Electromagnetic 3 | 3 . . . . . . . . . . . . . . . Robot Hit Streak 10 | 5 10 . . . 2 6 . . . 3 . . . . . Robot Miss Streak 8 | . 8 . . . . 1 . . . . . . . . . Penetration Max . | . . . . . . . . . . . . . . . . Secondary Targets . | . . . . . . . . . . . . . . . . Shots Hit Robots 138 | 5 68 4 . . 1 9 . . . 16 . 5 . . 30 Core Hits 72 | 2 33 . . . . 8 . 3 . 11 . 2 . . 13 Critical Kills . | . . . . . . . . . . . . . . . . Critical Parts Destroyed . | . . . . . . . . . . . . . . . . Critical Strikes 9 | . 1 . . . . 2 . . . 1 . . . . 5 Blast 1 | . 1 . . . . . . . . . . . . . . Sever 7 | . . . . . . 2 . . . 1 . . . . 4 Impale 1 | . . . . . . . . . . . . . . . 1 Melee Attacks 90 | . . 4 . . . 17 . 2 1 17 . 7 . . 42 Impact . | . . . . . . . . . . . . . . . . Slashing 78 | . . . . . . 17 . 2 1 17 . 7 . . 34 Piercing 8 | . . . . . . . . . . . . . . . 8 Sneak Attacks 6 | . . 4 . . . . . . . . . 1 . . 1 Combat Hostiles . | . . . . . . . . . . . . . . . . Follow-up Attacks . | . . . . . . . . . . . . . . . . Damage Inflicted 4431 | 63 1271 . . . . 318 . 125 . 959 . 289 . . 1406 Guns 262 | 63 199 . . . . . . . . . . . . . . Cannons 1043 | . 1043 . . . . . . . . . . . . . . Explosions 707 | . . . . . . 131 . 125 . 451 . . . . . Melee 2390 | . . . . . . 187 . . . 508 . 289 . . 1406 Ramming 29 | . 29 . . . . . . . . . . . . . . Kinetic 675 | 23 652 . . . . . . . . . . . . . . Thermal 590 | . 590 . . . . . . . . . . . . . . Explosive 707 | . . . . . . 131 . 125 . 451 . . . . . Electromagnetic 40 | 40 . . . . . . . . . . . . . . . Impact . | . . . . . . . . . . . . . . . . Slashing 2129 | . . . . . . 187 . . . 508 . 289 . . 1145 Piercing 261 | . . . . . . . . . . . . . . . 261 Highest Corruption 3 | . . . . . . . . . . . . 1 . . 3 Average Corruption 1 | . . . . . . . . . . . . 1 . . 1 Corruption Purged 5 | . . . . . . . . . . . . . . . 5 Corruption Blocked . | . . . . . . . . . . . . . . . . Effects 3 | . . . . . . . . . . . . 1 . . 2 Message Errors 1 | . . . . . . . . . . . . . . . 1 Data Loss (minor) 2 | . . . . . . . . . . . . 1 . . 1 Overload Shots . | . . . . . . . . . . . . . . . . Overflow Damage 126 | . 14 . . . . . . . . 6 . 30 . . 76 Projectiles 14 | . 14 . . . . . . . . . . . . . . Explosions . | . . . . . . . . . . . . . . . . Melee 112 | . . . . . . . . . . 6 . 30 . . 76 Knockbacks 12 | . 12 . . . . . . . . . . . . . . Impact . | . . . . . . . . . . . . . . . . Kinetic 10 | . 10 . . . . . . . . . . . . . . Secondary 2 | . 2 . . . . . . . . . . . . . . Self-Inflicted Damage 39 | . . . . . . . . . . 39 . . . . . Shots 1 | . . . . . . . . . . 1 . . . . . Rammed 6 | . 6 . . . . . . . . . . . . . . Targets Rammed 6 | . 6 . . . . . . . . . . . . . . Kicked . | . . . . . . . . . . . . . . . . Crushed . | . . . . . . . . . . . . . . . . Highest Temperature 418 | . 418 . . . . 4 . . 1 44 . 5 . . 1 Average Temperature 96 | . 101 . . . . 3 . . 1 18 . 3 . . 1 Received Heat Transfer 622 | . 252 36 . . . 72 . 36 27 136 . . . . 63 Effects 2 | . 2 . . . . . . . . . . . . . . Matter Decay 1 | . 1 . . . . . . . . . . . . . . Short Circuit 1 | . 1 . . . . . . . . . . . . . . Siege Activations . | . . . . . . . . . . . . . . . . Martial Activations . | . . . . . . . . . . . . . . . . Shielding Activations . | . . . . . . . . . . . . . . . . Robots Disrupted . | . . . . . . . . . . . . . . . . Combat Hostiles . | . . . . . . . . . . . . . . . . Robots Corrupted . | . . . . . . . . . . . . . . . . Combat Hostiles . | . . . . . . . . . . . . . . . . Parts Fried . | . . . . . . . . . . . . . . . . Impact Corruptions . | . . . . . . . . . . . . . . . . Robots Melted . | . . . . . . . . . . . . . . . . Combat Hostiles . | . . . . . . . . . . . . . . . . Parts Melted 1 | . 1 . . . . . . . . . . . . . . Heat Transferred 1258 | . 1258 . . . . . . . . . . . . . . Parts Sabotaged . | . . . . . . . . . . . . . . . . Parts Stolen 3 | . . . . . . . . . . 3 . . . . . Parts Stripped . | . . . . . . . . . . . . . . . . Power Chain Reactions . | . . . . . . . . . . . . . . . . Alert | -11 -10 -10 -10 -9 -8 -8 -7 -7 -6 -6 -6 -5 -4 -4 -3 ------- Run | Yrd Mat Min Exi Min Mat Sto Fac DSF Fac Low Low Fac Fac DSF Res Maximum Alert Level 1 | . 1 . . . . 1 . . . . . . . . . Low Security (%) 94 | 100 93 100 . 100 100 56 100 100 100 . . 100 100 100 100 Level 1 5 | . 6 . . . . 43 . . . . . . . . . Level 2 . | . . . . . . . . . . . . . . . . Level 3 . | . . . . . . . . . . . . . . . . Level 4 . | . . . . . . . . . . . . . . . . Level 5 . | . . . . . . . . . . . . . . . . High Security . | . . . . . . . . . . . . . . . . Max Security . | . . . . . . . . . . . . . . . . Peak Influence 311 | 5 271 142 . . . 311 137 98 72 . . 27 15 3 146 Initial 137 | . . 102 . . . . 137 25 4 . . 13 . 3 9 Average 65 | 1 102 110 . . . 157 87 38 9 . . 3 2 3 54 Influence Increases 2243 | 10 583 120 . . . 540 10 73 144 278 . 33 15 15 422 Destroy 0b10 Robot/C 940 | . 400 . . . . 280 . 60 . 80 . . . . 120 Destroy 0b10 Robot/NC 65 | 10 20 . . . . 5 . . . . . 10 . . 20 Destroy Leader 194 | . 74 . . . . 40 . 10 . 30 . 4 . . 36 Allied During Kill 51 | . . . . . . 48 . . . 3 . . . . . Successful Hack 133 | . 29 . . . . 27 10 . 24 . . 19 . . 24 Disable Machine 45 | . 15 . . . . 30 . . . . . . . . . Destroy Structure 35 | . . . . . . 20 . 3 . . . . . . 12 Partial Spotted 105 | . 15 30 . . . 15 . . . . . . 15 . 30 Lose Combat Pursuer 675 | . 30 90 . . . 75 . . 120 165 . . . 15 180 Influence Decreases 2143 | 10 320 261 122 . . 237 276 102 80 285 43 55 10 2 340 Entered New Map 525 | . . 161 122 . . . 166 12 4 27 13 9 . 2 9 Time Decay 1228 | 10 280 100 . . . 127 110 . 76 188 30 46 10 . 251 Lost Part 230 | . 40 . . . . 10 . 70 . 30 . . . . 80 Lost Ally 160 | . . . . . . 100 . 20 . 40 . . . . . Squads Dispatched 16 | . 3 . . . . 6 . 1 2 . . 1 . . 3 Investigation 5 | . 2 . . . . 2 . . 1 . . . . . . Extermination 5 | . . . . . . . . . 1 . . 1 . . 3 Reinforcement 4 | . 1 . . . . 2 . 1 . . . . . . . Assault 2 | . . . . . . 2 . . . . . . . . . Garrison . | . . . . . . . . . . . . . . . . Intercept . | . . . . . . . . . . . . . . . . Searches Triggered . | . . . . . . . . . . . . . . . . Construction Impeded 1 | . . . . . . 1 . . . . . . . . . Haulers Reinforced . | . . . . . . . . . . . . . . . . Active Scanning Responses . | . . . . . . . . . . . . . . . . Cargo Convoy Interrupts . | . . . . . . . . . . . . . . . . Stealth | -11 -10 -10 -10 -9 -8 -8 -7 -7 -6 -6 -6 -5 -4 -4 -3 --------- Run | Yrd Mat Min Exi Min Mat Sto Fac DSF Fac Low Low Fac Fac DSF Res Distress Signals 5 | . 2 . . . . 1 . . 1 . . . . . 1 Communications Jammed . | . . . . . . . . . . . . . . . . Distress Signals . | . . . . . . . . . . . . . . . . Times Spotted 126 | . 28 8 . . . 18 . 3 12 25 . 5 . 1 26 Peak Tracking Total 9 | . 6 4 . . . 9 . 3 4 8 . 3 2 1 6 Tactical Retreats 26 | . 2 3 . . . 3 . . 4 5 . . . 1 8 Traps | -11 -10 -10 -10 -9 -8 -8 -7 -7 -6 -6 -6 -5 -4 -4 -3 ------- Run | Yrd Mat Min Exi Min Mat Sto Fac DSF Fac Low Low Fac Fac DSF Res Traps Triggered 5 | . 2 . . . . . . 1 . . . . . . 2 Indirectly . | . . . . . . . . . . . . . . . . Trap Hack Attempts . | . . . . . . . . . . . . . . . . Triggered . | . . . . . . . . . . . . . . . . Disarmed . | . . . . . . . . . . . . . . . . Reprogrammed . | . . . . . . . . . . . . . . . . Reused . | . . . . . . . . . . . . . . . . Traps Extracted . | . . . . . . . . . . . . . . . . Installed . | . . . . . . . . . . . . . . . . Triggered . | . . . . . . . . . . . . . . . . Machines | -11 -10 -10 -10 -9 -8 -8 -7 -7 -6 -6 -6 -5 -4 -4 -3 ---------- Run | Yrd Mat Min Exi Min Mat Sto Fac DSF Fac Low Low Fac Fac DSF Res Machines Disabled 3 | . 1 . . . . 2 . . . . . . . . . Max in Single Turn 1 | . 1 . . . . 1 . . . . . . . . . Garrison Access 1 | . . . . . . . . . 1 . . . . . . Machines Repaired . | . . . . . . . . . . . . . . . . Machines Dismantled . | . . . . . . . . . . . . . . . . Machines Sabotaged . | . . . . . . . . . . . . . . . . Overloaded Fab Kills . | . . . . . . . . . . . . . . . . Hacking | -11 -10 -10 -10 -9 -8 -8 -7 -7 -6 -6 -6 -5 -4 -4 -3 --------- Run | Yrd Mat Min Exi Min Mat Sto Fac DSF Fac Low Low Fac Fac DSF Res Machines Accessed 49 | . 7 . 1 . . 6 5 . 10 2 . 5 3 . 10 Terminals 26 | . 5 . . . . 4 2 . 7 . . 3 1 . 4 Fabricators 4 | . . . . . . . 1 . . . . 2 . . 1 Repair Stations 3 | . . . . . . 1 . . 1 . . . . . 1 Recycling Units 6 | . 2 . . . . 1 . . 1 . . . 1 . 1 Scanalyzers 4 | . . . . . . . 2 . . . . . . . 2 Garrison Access 3 | . . . . . . . . . 1 . . . 1 . 1 Total Hacks 103 | . 21 . 1 . . 18 9 . 23 5 . 8 5 . 13 Successful 51 | . 14 . 1 . . 8 3 . 10 5 . 3 3 . 4 Failed 52 | . 7 . . . . 10 6 . 13 . . 5 2 . 9 Catastrophic 10 | . 2 . . . . . 1 . 3 . . 1 1 . 2 Database Lockouts . | . . . . . . . . . . . . . . . . Manual 4 | . . . 1 . . 3 . . . . . . . . . Terminals 56 | . 15 . . . . 13 4 . 13 . . 6 1 . 4 Fabricators 4 | . . . . . . . 1 . . . . 2 . . 1 Repair Stations 12 | . . . . . . 3 . . 7 . . . . . 2 Recycling Units 14 | . 6 . . . . 2 . . 1 . . . 3 . 2 Scanalyzers 7 | . . . . . . . 4 . . . . . . . 3 Garrison Access 4 | . . . . . . . . . 2 . . . 1 . 1 Terminal Hacks 28 | . 10 . 1 . . 4 3 . 2 5 . 1 1 . 1 Record 6 | . . . . . . . . . 2 4 . . . . . Robot Analysis 2 | . 2 . . . . . . . . . . . . . . Prototype ID Bank 1 | . 1 . . . . . . . . . . . . . . Open Door 2 | . . . . . . 1 . . . 1 . . . . . Open DSF 3 | . . . . . . . 1 . . . . . 1 . 1 Level Access Points 1 | . 1 . . . . . . . . . . . . . . Branch Access Points 2 | . 1 . . . . 1 . . . . . . . . . Emergency Access Points 4 | . 2 . . . . 1 1 . . . . . . . . Locate Traps 2 | . . . . . . 1 . . . . . 1 . . . Zone Layout 4 | . 3 . . . . . 1 . . . . . . . . Proto ID Catalog 1 | . . . 1 . . . . . . . . . . . . Fabricator Hacks 2 | . . . . . . . . . . . . 2 . . . Network Status 1 | . . . . . . . . . . . . 1 . . . Build 1 | . . . . . . . . . . . . 1 . . . Repair Station Hacks 9 | . . . . . . 2 . . 6 . . . . . 1 Scan Component 5 | . . . . . . 1 . . 3 . . . . . 1 Repair 4 | . . . . . . 1 . . 3 . . . . . . Recycling Unit Hacks 10 | . 4 . . . . 2 . . 1 . . . 2 . 1 Process 1 | . 1 . . . . . . . . . . . . . . Report Inventory 6 | . 2 . . . . 1 . . 1 . . . 1 . 1 Retrieve Matter 1 | . 1 . . . . . . . . . . . . . . Retrieve Components 2 | . . . . . . 1 . . . . . . 1 . . Scanalyzer 1 | . . . . . . . . . . . . . . . 1 Insert Component 1 | . . . . . . . . . . . . . . . 1 Garrison Access Hacks 1 | . . . . . . . . . 1 . . . . . . Seal Access 1 | . . . . . . . . . 1 . . . . . . Unauthorized Hacks . | . . . . . . . . . . . . . . . . Terminals . | . . . . . . . . . . . . . . . . Fabricators . | . . . . . . . . . . . . . . . . Repair Stations . | . . . . . . . . . . . . . . . . Recycling Units . | . . . . . . . . . . . . . . . . Scanalyzers . | . . . . . . . . . . . . . . . . Garrison Access . | . . . . . . . . . . . . . . . . Data Cores Recovered 1 | . 1 . . . . . . . . . . . . . . Used 1 | . 1 . . . . . . . . . . . . . . Hacking Detections 36 | . 5 . . . . 5 4 . 7 . . 3 3 . 9 Full Trace Events 3 | . . . . . . 2 . . 1 . . . . . . Feedback Events . | . . . . . . . . . . . . . . . . Feedback Blocked . | . . . . . . . . . . . . . . . . Robot Schematics Acquired . | . . . . . . . . . . . . . . . . Robots Built . | . . . . . . . . . . . . . . . . Authchips . | . . . . . . . . . . . . . . . . Time . | . . . . . . . . . . . . . . . . Total Robot Build Rating . | . . . . . . . . . . . . . . . . Part Schematics Acquired . | . . . . . . . . . . . . . . . . Parts Built 1 | . . . . . . . . . . . . 1 . . . Authchips . | . . . . . . . . . . . . . . . . Time 117 | . . . . . . . . . . . . 117 . . . Total Part Build Rating 7 | . . . . . . . . . . . . 7 . . . Part Studies Acquired . | . . . . . . . . . . . . . . . . Parts Repaired 4 | . . . . . . 1 . . 3 . . . . . . Time 134 | . . . . . . 26 . . 108 . . . . . . Parts Recycled . | . . . . . . . . . . . . . . . . Recycled Matter 9 | . 9 . . . . . . . . . . . . . . Retrieved Matter 9 | . 9 . . . . . . . . . . . . . . Retrieved Components 6 | . . . . . . 3 . . . . . . 3 . . Parts Scanalyzed . | . . . . . . . . . . . . . . . . Part Schematics Acquired . | . . . . . . . . . . . . . . . . Parts Damaged . | . . . . . . . . . . . . . . . . Bothacking | -11 -10 -10 -10 -9 -8 -8 -7 -7 -6 -6 -6 -5 -4 -4 -3 ------------ Run | Yrd Mat Min Exi Min Mat Sto Fac DSF Fac Low Low Fac Fac DSF Res Used RIF Installer . | . . . . . . . . . . . . . . . . Robots Hacked 1 | . . 1 . . . . . . . . . . . . . Non-combat 1 | . . 1 . . . . . . . . . . . . . Combat . | . . . . . . . . . . . . . . . . Robot Hacks Applied 4 | . . 4 . . . . . . . . . . . . . parse_system 3 | . . 3 . . . . . . . . . . . . . no_distress 1 | . . 1 . . . . . . . . . . . . . Relay Couplers Released . | . . . . . . . . . . . . . . . . Fabnet Peak Effective % . | . . . . . . . . . . . . . . . . Robots Rewired . | . . . . . . . . . . . . . . . . Allies Hacked . | . . . . . . . . . . . . . . . . Hacks Repelled . | . . . . . . . . . . . . . . . . Allies | -11 -10 -10 -10 -9 -8 -8 -7 -7 -6 -6 -6 -5 -4 -4 -3 -------- Run | Yrd Mat Min Exi Min Mat Sto Fac DSF Fac Low Low Fac Fac DSF Res Total Allies 9 | . . . . . 1 6 . . . 2 . . . . . Largest Group 4 | . . . . . 1 4 . . . 2 . . . . . Highest-Rated Group 92 | . . . . . 15 92 . . . 62 . . . . . Highest-Rated Ally 31 | . . . . . 15 31 . . . 31 . . . . . Total Orders . | . . . . . . . . . . . . . . . . Ally Attacks 56 | . . . . . . 45 . . . 11 . . . . . Total Damage 861 | . . . . . . 672 . . . 189 . . . . . Kills 13 | . . . . . . 12 . . . 1 . . . . . Allies Corrupted . | . . . . . . . . . . . . . . . . Allies Melted . | . . . . . . . . . . . . . . . . Field Lobotomies 5 | . . . . . 1 4 . . . . . . . . . Intel | -11 -10 -10 -10 -9 -8 -8 -7 -7 -6 -6 -6 -5 -4 -4 -3 ------- Run | Yrd Mat Min Exi Min Mat Sto Fac DSF Fac Low Low Fac Fac DSF Res Active Infowar (turns) 2724 | 18 762 215 98 14 77 267 232 21 . . . 179 107 23 711 Optics 944 | . . . . . . . . . . . . 103 107 23 711 Terrain 1704 | 18 762 215 98 14 77 267 232 21 . . . . . . . Jamming 756 | . . . . . . . . . . . . 154 . . 602 Robot Analysis Total 2 | . 2 . . . . . . . . . . . . . . Derelict Logs Recovered 2 | . . 1 . . . . . . . 1 . . . . . Drone Launches 2 | . . . . . . . . 2 . . . . . . . Drone Recoveries . | . . . . . . . . . . . . . . . . Exploration | -11 -10 -10 -10 -9 -8 -8 -7 -7 -6 -6 -6 -5 -4 -4 -3 ------------- Run | Yrd Mat Min Exi Min Mat Sto Fac DSF Fac Low Low Fac Fac DSF Res Turns Passed 3822 | 91 788 215 98 14 77 267 232 53 414 380 74 278 107 23 711 Spaces Moved 6701 | 51 399 504 261 38 90 405 341 100 887 909 211 516 298 59 1632 Core 21 | 20 1 . . . . . . . . . . . . . . Treads 363 | 31 332 . . . . . . . . . . . . . . Legs . | . . . . . . . . . . . . . . . . Wheels . | . . . . . . . . . . . . . . . . Hover . | . . . . . . . . . . . . . . . . Flight 6317 | . 66 504 261 38 90 405 341 100 887 909 211 516 298 59 1632 Fastest Speed 27 | 50 37 37 37 37 31 31 34 27 30 29 32 32 34 34 28 Average Speed 39 | 132 139 37 37 37 31 31 34 32 30 32 32 32 34 34 29 Slowest Speed 160 | 160 160 37 37 37 31 34 34 83 30 34 32 37 34 34 100 Overloaded Moves . | . . . . . . . . . . . . . . . . Propulsion Burnouts . | . . . . . . . . . . . . . . . . Robots Hopped 13 | . 1 4 . . . 2 . . 2 . . 1 . . 3 Potential Cave-ins . | . . . . . . . . . . . . . . . . Cave-ins Triggered . | . . . . . . . . . . . . . . . . Exploration Rate (%) 39 | 3 74 93 61 17 8 45 6 75 25 87 22 12 5 56 35 Regions Visited 15 Branch Regions 6 Pre-discovered Areas 1 | . . . . 1 . . . . . . . . . . . Known Exits Taken 6 | . 1 . . . 1 . 1 . . . 1 1 1 . . Unknown Exits Taken 7 | 1 . 1 1 1 . 1 . . 1 1 . . . . . Scrap Searched 8 | . . 2 . . . . . . . 4 2 . . . . Spaces Dug 14 | . . . . . . 6 . 2 . . . . . . 6 Terrain Destroyed 59 | . . . . . . 20 . 5 . 28 . . . . 6 Melee 14 | . . . . . . 6 . 2 . . . . . . 6 Projectile . | . . . . . . . . . . . . . . . . AOE 45 | . . . . . . 14 . 3 . 28 . . . . . Terrain Rammed . | . . . . . . . . . . . . . . . . Walls Destroyed . | . . . . . . . . . . . . . . . . Machines Disabled . | . . . . . . . . . . . . . . . . Actions | -11 -10 -10 -10 -9 -8 -8 -7 -7 -6 -6 -6 -5 -4 -4 -3 --------- Run | Yrd Mat Min Exi Min Mat Sto Fac DSF Fac Low Low Fac Fac DSF Res Total 7596 | 69 504 526 262 37 136 509 456 117 1031 959 215 615 302 61 1797 Wait 536 | . 2 17 . . 40 76 112 . 108 21 . 65 . . 95 Move 6661 | 50 396 496 260 37 89 400 340 99 882 908 210 513 297 58 1626 Hop 12 | . 1 3 . . . 2 . . 2 . . 1 . . 3 Pick Up 79 | 10 16 2 1 . 2 2 3 2 15 3 2 7 3 2 9 Fast Attach 19 | . 2 . . . . 1 . 2 3 . . 7 . . 4 Attach 53 | 6 5 1 . . 3 4 1 3 13 5 1 2 1 1 7 Detach 6 | . . . . . 1 1 . . 1 1 . 1 . . 1 Swap 14 | . 3 . . . . . . 3 1 . 2 1 1 . 3 Drop 41 | . 10 1 1 . . 1 . 5 5 . . 11 . . 7 Fire 77 | 3 63 . . . 1 5 . 1 . 4 . . . . . Melee 90 | . . 4 . . . 17 . 2 1 17 . 7 . . 42 Ram . | . . . . . . . . . . . . . . . . Kick . | . . . . . . . . . . . . . . . . Crush 6 | . 6 . . . . . . . . . . . . . . Escape Stasis . | . . . . . . . . . . . . . . . . Rewire 2 | . . 2 . . . . . . . . . . . . . Trap . | . . . . . . . . . . . . . . . . Miscellaneous . | . . . . . . . . . . . . . . . . Route ------- -11/Scrapyard -10/Materials (discovered 5 exits: *Mat x3 / *Min / [*Sub]) -10/Mines (discovered 3 exits: *Mat / *Exi / [*Sub]) -10/Exiles (discovered 2 exits: [*Min x2]) -9/Mines (discovered 2 exits: [*Mat x2]) -8/Materials (discovered 2 exits: *Sto x2) -8/Storage (discovered 2 exits: *Fac / Rec) -7/Factory (discovered 2 exits: *Fac / DSF) -7/DSF -6/Factory -6/Lower Caves -6/Lower Caves -5/Factory (discovered 2 exits: *Fac / Upp) -4/Factory (discovered 2 exits: Arm / DSF) -4/DSF -3/Research History --------- Turn | Location | Event 14 | -11/Scrapyard | Discovered new exit (range 14) 92 | -11/Scrapyard | Entered Materials 306 | -10/Materials | Build established: Mutant 448 | -10/Materials | Identified exit to Mines 589 | -10/Materials | Identified exit to Materials 720 | -10/Materials | Discovered new exit (range 16) 858 | -10/Materials | Lost 4 parts (1p2n1w) 862 | -10/Materials | Destroyed 7 combat bots 880 | -10/Materials | Entered Mines 900 | -10/Mines | Discovered exit to Materials (range 7) 901 | -10/Mines | Met a Derelict bent on vengeance 1072 | -10/Mines | Discovered new exit (range 13) 1081 | -10/Mines | A weapon hastily lodged in a ceiling crevice suddenly fell to the ground 1090 | -10/Mines | Core integrity fell below 50% 1094 | -10/Mines | Deemed a non-threat by the Exiles lab entrance 1094 | -10/Mines | Discovered new exit (range 5) 1095 | -10/Mines | Entered Exiles 1101 | -10/Exiles | Discovered new exit (range 15) 1114 | -10/Exiles | Met 8R-AWN 1120 | -10/Exiles | Met EX-HEX 1131 | -10/Exiles | Met EX-BIN 1137 | -10/Exiles | Aligned with FarCom system 1138 | -10/Exiles | Given EX-Vault access code 1146 | -10/Exiles | Opened EX-Vault 1149 | -10/Exiles | Found Field Lobotomy Kit 1158 | -10/Exiles | Warned to stay clear of 0b10 Research branches 1168 | -10/Exiles | Met EX-DEC 1189 | -10/Exiles | Discovered new exit (range 14) 1193 | -10/Exiles | Left Exiles lab with Field Lobotomy Kit 1193 | -10/Exiles | Entered Mines 1200 | -9/Mines | Discovered new exit (range 11) 1202 | -9/Mines | Discovered new exit (range 9) 1204 | -9/Mines | Learned location of Storage (-8) 1207 | -9/Mines | Entered Materials 1207 | -8/Materials | Evolved 4 slots: Propulsion x2, Utility x2 1208 | -8/Materials | Identified exit to Storage 1209 | -8/Materials | Discovered exit to Storage (range 15) 1220 | -8/Materials | Assimilated Y-45 Defender with FLK Orb 1284 | -8/Materials | Entered Storage 1284 | -8/Storage | Accompanied by 1 ally 1315 | -8/Storage | Repaired Lgt. Ion Engine 1321 | -8/Storage | Met a pair of Derelict thieves 1330 | -8/Storage | Assimilated Y-45 Defender with FLK Orb 1367 | -8/Storage | Assimilated Y-45 Defender with FLK Orb 1381 | -8/Storage | Identified exit to Recycling 1396 | -8/Storage | Assimilated C-45 Heavy ARC with FLK Orb 1420 | -8/Storage | Assimilated G-50 Soldier with FLK Orb 1460 | -8/Storage | Lost 4 allies 1523 | -8/Storage | Build established: Scavenger-Scout 1551 | -8/Storage | Discovered new exit (range 3) 1551 | -8/Storage | Entered Factory 1551 | -7/Factory | Evolved 2 slots: Power x1, Utility x1 1692 | -7/Factory | Identified exit to DSF 1754 | -7/Factory | Discovered new exit (range 5) 1783 | -7/Factory | Entered DSF 1803 | -7/DSF | Additional patrols routed to DSF 1829 | -7/DSF | Discovered new exit (range 16) 1836 | -7/DSF | Entered Factory 1836 | -6/Factory | Evolved 2 slots: Utility x2 1849 | -6/Factory | Lost 7 parts (1p2n4u) 1887 | -6/Factory | Repaired Surge Thruster 1921 | -6/Factory | Repaired Mni. Grenade Launcher 1961 | -6/Factory | Repaired Surge Thruster 2225 | -6/Factory | Discovered new exit (range 13) 2250 | -6/Factory | Entered Lower Caves 2258 | -6/Lower Caves | Encountered a Warlord checkpoint 2297 | -6/Lower Caves | Entered an active Warlord outpost 2298 | -6/Lower Caves | A Commander dispatched an escort 2302 | -6/Lower Caves | Learned location of 1 exit from Factory 2302 | -6/Lower Caves | Learned 8 Factory zone layouts 2302 | -6/Lower Caves | Learned Factory emergency access door positions 2328 | -6/Lower Caves | Attracted the attention of an 0b10 checkpoint 2470 | -6/Lower Caves | Learned Factory terminal intel 2489 | -6/Lower Caves | Found DCF Scrap (13 items) 2599 | -6/Lower Caves | Lost 3 parts (1n1u1w) 2609 | -6/Lower Caves | Discovered new exit (range 10) 2630 | -6/Lower Caves | Entered another Lower Caves area 2637 | -6/Lower Caves | Discovered new exit (range 9) 2644 | -6/Lower Caves | Identified exit to Factory 2704 | -6/Lower Caves | Entered Factory 2704 | -5/Factory | Evolved 2 slots: Utility x2 2705 | -5/Factory | Identified exit to Upper Caves 2706 | -5/Factory | Identified exit to Factory 2708 | -5/Factory | Loaded intel: 26 terminal locations 2824 | -5/Factory | Build established: Sprinter 2913 | -5/Factory | Fabricated Field Propulsion Array (x1) 2982 | -5/Factory | Entered another Factory area 2982 | -4/Factory | Evolved 2 slots: Power x1, Propulsion x1 2983 | -4/Factory | Identified exit to Armory 2984 | -4/Factory | Identified exit to DSF 3089 | -4/Factory | Entered DSF 3095 | -4/DSF | Discovered new exit (range 13) 3103 | -4/DSF | Identified exit to Research 3108 | -4/DSF | Additional patrols routed to DSF 3112 | -4/DSF | Entered Research 3112 | -3/Research | Evolved 2 slots: Utility x2 3624 | -3/Research | Spotted B-86 Titan 3637 | -3/Research | Spotted B-86 Titan 3778 | -3/Research | Lost 3 parts (2n1u) 3823 | -3/Research | Self-destructed Last Messages --------------- corridor. 03722_ Penetrated by Slug. 03723_ ALERT: Potential suspicious activity detected, Programmers report to Research Zone 3J. 03728_ Acquired Enh. Force Lance. 03739_ W-44 Eye destroyed. 03747_ Nuclear Pulse Thruster destroyed. 03780_ Slug penetrates Wall. 03781_ Y-72 Warden suffers critical hit (Impale). 03781_ Y-72 Warden destroyed. 03785_ Acquired 15 matter. 03816_ Penetrated by Slug. 03816_ Mic. Antimatter Reactor destroyed. 03816_ Triggered Hellfire Trap. 03816_ An explosion rips through the floor. 03816_ Mic. Antimatter Reactor destroyed. 03817_ The unstable cave ceiling collapses. 03818_ Slug penetrates Wall. 03821_ Electron Diverter destroyed. 03821_ Slug penetrates Wall. Map ----- +----------------------------------------------------+ | | | | | | | | | | | | | | | | | | | | | | | | | | | | | | | | | | | | | | | | | ???????????????????#########?????#######????????? | | ???????????????????# #????## # #########? | | ???????????????????# ###### ## #? | | ???????????????????# = ## | | ???????????????????# Y %[ | | ???????????????????# @ ! ## | | ???????????????????# ###### ### #? | | ???????????????????# #????# ########? | | ???????????????????#########????### # # #???????? | | ??????????????????????????????????#######???????? | | ????????????????????????????????????????????????? | | ????????????????????????????????????????????????? | | ????????????????????????????????????????????????? | | ????????????????????????????????????????????????? | | ????????????????????????????????????????????????# | | ???????????????????????????????????????????????? | | ???????????????????????????????????????????????? | | ????????????????????????????????????????????????? | | ????????????????????????????????????????????????? | | ????????????????????????????????????????????????? | | ????????????????????????????????????????????????? | | ????????????????????????????????????????????????? | | ????????????????????????????????????????????????? | | ????????????????????????????????????????????????? | | ?????????????????????????##########?????????????# | | ?????????????????????????# #?????????????# | | ?????????????????????????# #?????????????# | | ?????????????????????????# #?????????????# | | ?????????????????????????# ############### | | ?????????????????????????# # # # | +----------------------------------------------------+ Best States ------------- Heat Dissipation 46 Energy Generation 45 Energy Capacity 250 Matter Stores 300 Matter Capacity 300 Sight Range 22 Terrain Scan Range 16 Terrain Scan Density 10 Jamming Range 14 Additional Mass Support 9 Armor Coverage 150 Resistance: TH 20 Propulsion Shielding 66 Utility Shielding 66 Evasion (%) 64 Targeting Accuracy 30 Melee Accuracy 22 Recoil Reduction 2 Item Schematics ----------------- None Robot Schematics ------------------ None Fabricated ------------ Field Propulsion Array | x1 | -5/Factory | Preloaded Repaired ---------- Lgt. Ion Engine | 37% | -8/Storage Surge Thruster | 34% | -6/Factory Mni. Grenade Launcher | 56% | -6/Factory Surge Thruster | 62% | -6/Factory Studied --------- None Alien Tech Used ----------------- None Achievements -------------- Ew, Corruption Watch This! Challenges ------------ None Game ------ Seed BlastSignalCompressor Manual? 0 Play Time 02:26:07 Cumulative 24.0 hours Start 2026.08.27 @ 09:07:30 End 2026.08.27 @ 20:16:34 Sessions 7 Manual Loads 0 Difficulty Rogue Special Mode None Game No. 32 Rogue 32 Adventurer 0 Explorer 0 Win Type - Total 0 Types 0/0/0/0/0/0/0/0/0/0 Lore% 13 Gallery% 20 Achievement% 19 Wizard Run 0 Options --------- Layout 2 ASCII 0 Keyboard 0 Movement Mouse Keybinds 0 Fullscreen 1 Font 16/SmallcapsGlow Map View 55x47 Zoom Use 0% Tactical HUD 1 Map Filters NONE Filters NONE Steam X RUN: 91b5acee-9e66-4e71-a0c3-88bbf0d76a9d